 Dungeon Crawl Stone Soup version 0.26-a0-649-gf8c6c3a (webtiles) character file.

Game seed: 5998921760308559464

123 Dorkslayer the Covered (level 5, -2/41 HPs)
             Began as a Human Fighter on Sept 26, 2020.
             Was an Initiate of the Shining One.
             Slain by a river rat (6 damage)
             ... in a sewer.
             The game lasted 00:05:22 (1732 turns).

Dorkslayer the Covered (Human Fighter)              Turns: 1732, Time: 00:05:22

Health: -2/41      AC:  7    Str: 18    XL:     5   Next: 29%
Magic:  5/5        EV:  7    Int:  8    God:    the Shining One [......]
Gold:   170        SH:  9    Dex: 12    Spells: 4/4 levels left

rFire    . . .     SeeInvis .   a - +0 long sword
rCold    . . .     Faith    .   c - +0 kite shield
rNeg     . . .     Spirit   .   b - +0 scale mail
rPois    .         Reflect  .   (no helmet)
rElec    .         Harm     .   (no cloak)
rCorr    .         Rampage  .   (no gloves)
MR       .....                  (no boots)
Stlth    ..........             (no amulet)
HPRegen  0.13/turn              (no ring)
MPRegen  0.09/turn              (no ring)

@: flying, glowing
A: no striking features
a: Renounce Religion


You were in a sewer.
You worshipped the Shining One.
The Shining One was noncommittal.
You visited 1 branch of the dungeon, and saw 3 of its levels.
You also visited: Sewer.

You collected 170 gold pieces.

Inventory:

Hand Weapons
 a - a +0 long sword (weapon)
Missiles
 l - 2 boomerangs
 m - 2 datura-tipped darts (quivered)
Armour
 b - a +0 scale mail (worn)
 c - a +0 kite shield (worn)
Jewellery
 p - a +6 ring of intelligence {unknown}
Scrolls
 e - 5 scrolls of identify {unknown}
 f - a scroll of blinking {unknown}
 g - a scroll of enchant armour {unknown}
 h - a scroll of remove curse {unknown}
 j - a scroll of magic mapping {unknown}
 k - a scroll of fog {unknown}
 n - a scroll of amnesia {unknown}


   Skills:
 + Level 3.4 Fighting
 + Level 3.0 Long Blades
 * Level 1.3 Throwing
 + Level 3.7 Armour
 + Level 0.9 Dodging
 + Level 3.5 Shields


You had 4 spell levels left.
You didn't know any spells.
Your spell library was empty.

Dungeon Overview and Level Annotations

Branches:
Dungeon (3/15)              Sewer (1/1)

Altars:
Uskayaw
Wu Jian
The Shining One


Message History

You fly up into the air.
You block the river rat's attack.
The river rat bites you but does no damage.
You hit the river rat.
The river rat is moderately wounded.
You block the river rat's attack.
The rat twitches its whiskers.
The river rat barely misses you.
You riposte.
You hit the river rat.
The river rat is heavily wounded.
The river rat bites you.
* * * LOW HITPOINT WARNING * * *
You hit the river rat.
The river rat is almost dead.
You block the river rat's attack.
The river rat bites you but does no damage.
The river rat bites you.
* * * LOW HITPOINT WARNING * * *
You closely miss the river rat.
The river rat is almost dead.
The river rat bites you.
You die...

#≈#
#≈#
#≈#
#.#
#.#
#r#
#r#
#@#
#r#
#r#
#.#
#∩#
#.#
#.#
#.#
#.#


You could see 2 river rats and 2 rats.

Vanquished Creatures
  A gnoll (D:1)
  4 adders
  2 river rats
  3 worms (D:3)
  A dart slug (D:2)
  A leopard gecko (D:1)
  3 giant cockroaches
  2 goblins (D:1)
  6 hobgoblins
  2 jackals (D:3)
  A quokka (D:2)
  10 bats
  4 frilled lizards
  4 kobolds
  7 rats
51 creatures vanquished.

Notes
Turn   | Place    | Note
-------+----------+-------------------------------------------
     0 | D:1      | Dorkslayer the Human Fighter began the quest for the Orb.
     0 | D:1      | Reached XP level 1. HP: 18/18 MP: 1/1
   100 | D:1      | Reached XP level 2. HP: 17/24 MP: 2/2
   167 | D:1      | Reached XP level 3. HP: 15/29 MP: 3/3
  1075 | D:2      | Reached XP level 4. HP: 27/35 MP: 4/4
  1084 | D:2      | Found a glowing golden altar of the Shining One.
  1095 | D:2      | Found a hide-covered altar of Uskayaw.
  1103 | D:2      | Found an ornate altar of the Wu Jian Council.
  1117 | D:2      | Became a worshipper of the Shining One
  1685 | D:3      | Reached XP level 5. HP: 32/41 MP: 5/5
  1694 | D:3      | Reached skill level 1 in Throwing
  1711 | D:3      | Found a glowing drain.
  1719 | Sewer    | Entered a sewer
  1732 | Sewer    | Slain by a river rat

Illustrated notes

Levels and vault maps discovered:
D:1:      ncdulo_lavacross, layout_basic
D:2:      layout_loops_cross, minmay_overflow_temple_star_quad,
          kennysheep_generic_room_9
D:3:      layout_loops_ring, chequers_ecumenical_altar_grove,
          lightli_sewer_entry_pipes
Sewer:    sewer_kobolds

Skill      XL: |  1  2  3  4  5 |
---------------+----------------+-----
Throwing       | 1 |  1.3
Long Blades    | 3 |  3.0
Fighting       | |  3.4
Armour         | |  3.7
Dodging        | |  0.9
Shields        | |  3.5

Action                   |  1- 3 |  4- 6 || total
-------------------------+-------+-------++-------
Melee: Long sword        |    66 |    94 ||   160
Throw: Dart              |     4 |     1 ||     5
  Use: Potion            |       |     3 ||     3
Armor: Scale mail        |    33 |    45 ||    78
Dodge: Dodged            |    25 |    27 ||    52
Block: Kite shield       |    35 |    43 ||    78
       Rpst.: Long sword |     7 |    10 ||    17

Table legend: (Time is in decaauts)
 A = Elapsed time spent in this place.
 B = Non-inter-level travel time spent in this place.
 C = Inter-level travel time spent in this place.
 D = Time resting spent in this place.
 E = Time spent auto-exploring this place.
 F = Levels seen in this place.
 G = Mean time per level.
                   A        B        C        D        E       F      G
               +--------+--------+--------+--------+--------+-----+--------+
         Total |   1801 |   1801 |      0 |      0 |    449 |   4 |  450.2 |
       Dungeon |   1785 |   1785 |      0 |      0 |    449 |   3 |  595.0 |
         Sewer |     15 |     15 |      0 |      0 |      0 |   1 |   15.0 |
               +--------+--------+--------+--------+--------+-----+--------+

Top non-repeatable levels by time:
     D:1: 952 daAuts
     D:2: 720 daAuts
     D:3: 113 daAuts
   Sewer: 15 daAuts
